General information
- name: BNet
- type: Ladder team game (AT/RT)
- host: Battle.net
- saver: GayTiMe.WeRRa
map: FullScaleAssault
- players: 8
- length: 30:28
- speed: Fast
- version: 1.24 W3XP
- replay type: Public
» download(279 KB)
Players
team 1 (loser)

»
Arcilite (
orange | 69 APM | 1981 actions | 28:41)
5 Archmage
2 Summon Water Elemental
2 Brilliance Aura
1 Blizzard
3 Blood Mage
2 Flame Strike
1 Banish
» actions
| Assign group hotkey | 12 | |
| Basic commands | 111 | |
| Build / train | 70 | |
| Enter build submenu | 28 | |
| Enter hero's abilities submenu | 9 | |
| Give item / drop item | 2 | |
| Right click | 927 | |
| Select / deselect | 520 | |
| Select group hotkey | 149 | |
| Use ability | 153 | |
1981 total
» units
| Peasant | 22 | |
| Footman | 3 | |
| Goblin Zeppelin | 1 | |
| Mortar Team | 3 | |
| Flying Machine | 3 | |
| Blue Dragon Whelp | 1 | |
| Blue Drake | 1 | |
34 total
» upgrades
| Masonry | 2 | |
| Lumber Harvesting | 1 | |
| Gunpowder | 1 | |
| Armor | 1 | |
5 total
» buildings
| Altar of Kings | 1 | |
| Barracks | 1 | |
| Farm | 8 | |
| Lumber Mill | 1 | |
| Arcane Vault | 2 | |
| Town Hall | 2 | |
| Scout Tower | 7 | |
| Keep | 1 | |
| Guard Tower | 2 | |
| Blacksmith | 1 | |
| Workshop | 5 | |
| Castle | 1 | |
32 total
» build order
00:06 Altar of Kings
00:22 Barracks
00:34 Farm
00:48 Farm
01:52 Lumber Mill
02:07 Farm
02:33 Arcane Vault
04:16 Town Hall
04:18 Town Hall
04:21 Scout Tower
04:22 Scout Tower
04:22 Scout Tower
04:30 Arcane Vault
04:37 Keep
05:00 Guard Tower
05:21 Blacksmith
08:07 Workshop
08:08 Workshop
08:12 Workshop
08:31 Workshop
08:33 Workshop
09:24 Farm
09:29 Farm
09:30 Farm
09:57 Castle
11:29 Scout Tower
11:30 Scout Tower
11:31 Scout Tower
11:33 Scout Tower
11:37 Farm
11:38 Farm
12:05 Guard Tower
» items
| Scroll of Regeneration | 1 | |
| Lesser Clarity Potion | 2 | |
| Scroll of Town Portal | 3 | |
| Potion of Healing | 2 | |
| Tome of Retraining | 1 | |
| Scroll of Healing | 1 | |
| Potion of Lesser Invulnerability | 1 | |
| Healing Salve | 1 | |
| Orb of Lightning | 1 | |
| Potion of Mana | 2 | |
15 total

»
ByCandleLight (
teal | 51 APM | 1529 actions | 30:14)
5 Warden
3 Fan of Knives
2 Blink
5 Priestess of the Moon
3 Trueshot Aura
2 Searing Arrows
» actions
| Assign group hotkey | 74 | |
| Basic commands | 131 | |
| Build / train | 100 | |
| ESC pressed | 1 | |
| Enter build submenu | 26 | |
| Enter hero's abilities submenu | 10 | |
| Give item / drop item | 1 | |
| Remove unit from queue | 1 | |
| Right click | 397 | |
| Select / deselect | 319 | |
| Select group hotkey | 356 | |
| Use ability | 113 | |
1529 total
» units
| Wisp | 34 | |
| Huntress | 3 | |
| Chimaera | 2 | |
| Hippogryph | 30 | |
| Dryad | 4 | |
73 total
» upgrades
| Strength of the Wild | 3 | |
| Corrosive Breath | 1 | |
| Well Spring | 1 | |
| Reinforced Hides | 1 | |
| Abolish Magic | 2 | |
8 total
» buildings
| Altar of Elders | 1 | |
| Moon Well | 6 | |
| Hunter's Hall | 1 | |
| Ancient of War | 2 | |
| Tree of Ages | 1 | |
| Tree of Eternity | 1 | |
| Ancient of Wind | 3 | |
| Chimaera Roost | 4 | |
| Tree of Life | 3 | |
| Ancient of Lore | 5 | |
27 total
» build order
00:08 Altar of Elders
00:20 Moon Well
01:49 Hunter's Hall
02:07 Ancient of War
02:08 Ancient of War
02:18 Moon Well
02:41 Moon Well
05:04 Moon Well
05:24 Tree of Ages
07:55 Tree of Eternity
08:46 Ancient of Wind
09:42 Moon Well
09:44 Moon Well
10:21 Chimaera Roost
10:23 Chimaera Roost
10:25 Chimaera Roost
10:27 Chimaera Roost
11:44 Tree of Life
14:34 Ancient of Wind
14:34 Ancient of Wind
23:14 Ancient of Lore
23:16 Ancient of Lore
23:16 Ancient of Lore
23:18 Ancient of Lore
23:19 Ancient of Lore
24:02 Tree of Life
27:08 Tree of Life
» items
| Potion of Healing | 2 | |
| Scroll of Town Portal | 2 | |
4 total

»
WarFreakz (
yellow | 38 APM | 1169 actions | 30:26)
7 Blademaster
3 Wind Walk
3 Critical Strike
1 Bladestorm
» actions
| Assign group hotkey | 11 | |
| Build / train | 67 | |
| Enter build submenu | 21 | |
| Enter hero's abilities submenu | 7 | |
| Give item / drop item | 2 | |
| Right click | 727 | |
| Select / deselect | 236 | |
| Select group hotkey | 14 | |
| Use ability | 84 | |
1169 total
» units
» upgrades
| Spiked Barricades | 1 | |
| Liquid Fire | 1 | |
| Ranged Weapons | 2 | |
| Armor | 1 | |
5 total
» buildings
| Altar of Storms | 1 | |
| Orc Burrow | 9 | |
| War Mill | 1 | |
| Voodoo Lounge | 1 | |
| Watch Tower | 3 | |
| Stronghold | 1 | |
| Fortress | 1 | |
| Beastiary | 3 | |
| Great Hall | 3 | |
23 total
» build order
00:17 Altar of Storms
00:23 Orc Burrow
00:54 War Mill
01:45 Voodoo Lounge
02:13 Watch Tower
02:18 Watch Tower
03:24 Stronghold
03:29 Watch Tower
04:17 Orc Burrow
04:53 Orc Burrow
05:28 Orc Burrow
05:51 Fortress
06:28 Beastiary
06:49 Beastiary
07:08 Beastiary
08:53 Orc Burrow
19:56 Orc Burrow
20:00 Orc Burrow
20:04 Orc Burrow
20:59 Orc Burrow
24:52 Great Hall
24:58 Great Hall
29:44 Great Hall
» items
| Healing Salve | 2 | |
| Lesser Clarity Potion | 3 | |
| Potion of Healing | 2 | |
| Potion of Mana | 2 | |
| Scroll of Speed | 1 | |
| Orb of Lightning | 1 | |
| Scroll of Town Portal | 3 | |
| Boots of Speed | 1 | |
| Staff of Teleportation | 1 | |
16 total
WhiteGhost (
red | 85 APM | 2595 actions | 30:22)
7 Death Knight
3 Death Coil
3 Unholy Aura
1 Animate Dead
5 Lich
3 Frost Nova
2 Frost Armor
4 Dreadlord
2 Sleep
2 Carrion Swarm
» actions
| Assign group hotkey | 32 | |
| Basic commands | 221 | |
| Build / train | 89 | |
| ESC pressed | 4 | |
| Enter build submenu | 26 | |
| Enter hero's abilities submenu | 16 | |
| Give item / drop item | 2 | |
| Right click | 793 | |
| Select / deselect | 484 | |
| Select group hotkey | 820 | |
| Use ability | 108 | |
2595 total
» units
| Acolyte | 7 | |
| Ghoul | 4 | |
| Crypt Fiend | 10 | |
| Goblin Shredder | 1 | |
| Frost Wyrm | 16 | |
38 total
» upgrades
| Web | 1 | |
| Creature Carapace | 3 | |
| Creature Attack | 3 | |
| Freezing Breath | 1 | |
8 total
» buildings
| Graveyard | 1 | |
| Crypt | 1 | |
| Altar of Darkness | 1 | |
| Ziggurat | 7 | |
| Tomb of Relics | 2 | |
| Spirit Tower | 2 | |
| Halls of the Dead | 3 | |
| Necropolis | 3 | |
| Black Citadel | 2 | |
| Sacrificial Pit | 1 | |
| Boneyard | 3 | |
| Nerubian Tower | 1 | |
27 total
» build order
00:10 Graveyard
00:15 Crypt
00:44 Altar of Darkness
00:54 Ziggurat
01:08 Tomb of Relics
01:56 Ziggurat
04:14 Ziggurat
04:48 Ziggurat
05:10 Spirit Tower
05:29 Halls of the Dead
05:30 Halls of the Dead
05:48 Spirit Tower
06:31 Necropolis
06:32 Ziggurat
06:37 Tomb of Relics
07:06 Ziggurat
07:50 Black Citadel
08:59 Sacrificial Pit
10:15 Boneyard
10:21 Boneyard
10:45 Nerubian Tower
11:37 Boneyard
11:39 Ziggurat
27:04 Necropolis
30:09 Necropolis
» items
| Rod of Necromancy | 1 | |
| Sacrificial Skull | 1 | |
| Lesser Clarity Potion | 1 | |
| Scroll of Town Portal | 7 | |
| Orb of Corruption | 1 | |
| Potion of Healing | 4 | |
| Scroll of Healing | 1 | |
16 total
team 2 (winner)
ARTiswithaBLAST (
pink | 115 APM | 3491 actions | 30:27)
6 Death Knight
3 Death Coil
2 Unholy Aura
1 Animate Dead
6 Lich
3 Frost Nova
2 Frost Armor
1 Death and Decay
6 Dark Ranger
3 Silence
2 Black Arrow
1 Charm
» actions
| Assign group hotkey | 179 | |
| Basic commands | 64 | |
| Build / train | 104 | |
| ESC pressed | 5 | |
| Enter build submenu | 27 | |
| Enter hero's abilities submenu | 18 | |
| Give item / drop item | 8 | |
| Remove unit from queue | 2 | |
| Right click | 1528 | |
| Select / deselect | 313 | |
| Select group hotkey | 1120 | |
| Use ability | 123 | |
3491 total
» units
| Acolyte | 31 | |
| Ghoul | 4 | |
| Crypt Fiend | 3 | |
| Frost Wyrm | 15 | |
53 total
» upgrades
| Creature Carapace | 3 | |
| Creature Attack | 3 | |
| Freezing Breath | 1 | |
7 total
» buildings
| Graveyard | 1 | |
| Crypt | 1 | |
| Ziggurat | 8 | |
| Altar of Darkness | 1 | |
| Tomb of Relics | 1 | |
| Halls of the Dead | 4 | |
| Necropolis | 3 | |
| Black Citadel | 2 | |
| Sacrificial Pit | 1 | |
| Boneyard | 7 | |
| Nerubian Tower | 1 | |
| Spirit Tower | 2 | |
32 total
» build order
00:05 Graveyard
00:09 Crypt
00:43 Ziggurat
00:56 Altar of Darkness
01:10 Tomb of Relics
01:20 Ziggurat
02:39 Halls of the Dead
02:40 Halls of the Dead
02:40 Halls of the Dead
03:38 Necropolis
04:36 Ziggurat
05:16 Black Citadel
05:16 Black Citadel
05:47 Ziggurat
06:22 Sacrificial Pit
07:50 Boneyard
07:51 Boneyard
07:52 Boneyard
07:56 Boneyard
07:58 Boneyard
07:59 Boneyard
08:31 Ziggurat
08:33 Ziggurat
10:01 Nerubian Tower
12:00 Ziggurat
12:01 Ziggurat
14:00 Spirit Tower
14:52 Necropolis
20:08 Boneyard
21:57 Spirit Tower
22:17 Necropolis
» items
| Rod of Necromancy | 2 | |
| Scroll of Town Portal | 2 | |
| Orb of Corruption | 1 | |
| Potion of Healing | 1 | |
| Scroll of Protection | 2 | |
| Scroll of Healing | 1 | |
9 total
GayTiMe.WeRRa (
green | 108 APM | 3280 actions | 30:28)
8 Tauren Chieftain
3 War Stomp
3 Endurance Aura
1 Reincarnation
1 Shockwave
6 Shadow Hunter
3 Hex
2 Healing Wave
1 Big Bad Voodoo
» actions
| Assign group hotkey | 32 | |
| Basic commands | 201 | |
| Build / train | 102 | |
| ESC pressed | 7 | |
| Enter build submenu | 14 | |
| Enter hero's abilities submenu | 14 | |
| Give item / drop item | 3 | |
| Right click | 1393 | |
| Select / deselect | 743 | |
| Select group hotkey | 567 | |
| Use ability | 202 | |
3280 total
» units
| Peon | 21 | |
| Grunt | 8 | |
| Raider | 4 | |
| Wind Rider | 3 | |
| Troll Batrider | 21 | |
57 total
» upgrades
| Berserker Strength | 1 | |
| Ensnare | 1 | |
| Armor | 2 | |
| Envenomed Spears | 1 | |
| Liquid Fire | 1 | |
| Pillage | 1 | |
| Ranged Weapons | 2 | |
| Reinforced Defenses | 1 | |
10 total
» buildings
| Altar of Storms | 1 | |
| Orc Burrow | 5 | |
| Barracks | 1 | |
| Voodoo Lounge | 1 | |
| Great Hall | 2 | |
| Stronghold | 2 | |
| War Mill | 1 | |
| Beastiary | 2 | |
| Fortress | 1 | |
16 total
» build order
00:03 Altar of Storms
00:07 Orc Burrow
00:26 Barracks
01:45 Orc Burrow
02:00 Voodoo Lounge
04:11 Great Hall
04:36 Stronghold
05:12 Orc Burrow
05:16 War Mill
07:03 Orc Burrow
07:50 Beastiary
07:52 Beastiary
10:31 Fortress
14:32 Orc Burrow
15:44 Great Hall
» items
| Healing Salve | 3 | |
| Lesser Clarity Potion | 2 | |
| Scroll of Town Portal | 4 | |
| Scroll of Healing | 1 | |
| Potion of Healing | 2 | |
| Orb of Lightning | 1 | |
| Potion of Mana | 2 | |
15 total
Retarded_Archer (
blue | 90 APM | 2749 actions | 30:28)
4 Archmage
2 Summon Water Elemental
2 Brilliance Aura
4 Mountain King
2 Storm Bolt
2 Thunder Clap
3 Paladin
2 Holy Light
1 Divine Shield
» actions
| Assign group hotkey | 33 | |
| Basic commands | 61 | |
| Build / train | 86 | |
| ESC pressed | 13 | |
| Enter build submenu | 18 | |
| Enter hero's abilities submenu | 11 | |
| Give item / drop item | 1 | |
| Right click | 1508 | |
| Select / deselect | 555 | |
| Select group hotkey | 350 | |
| Use ability | 113 | |
2749 total
» units
| Peasant | 23 | |
| Footman | 6 | |
| Gryphon Rider | 18 | |
| Dragonhawk Rider | 3 | |
50 total
» upgrades
| Swords | 2 | |
| Lumber Harvesting | 1 | |
| Plating | 2 | |
| Animal War Training | 1 | |
| Storm Hammers | 1 | |
| Masonry | 3 | |
| Armor | 1 | |
11 total
» buildings
| Altar of Kings | 1 | |
| Barracks | 1 | |
| Farm | 10 | |
| Arcane Vault | 1 | |
| Keep | 3 | |
| Blacksmith | 1 | |
| Lumber Mill | 2 | |
| Castle | 2 | |
| Gryphon Aviary | 2 | |
23 total
» build order
00:10 Altar of Kings
00:15 Barracks
00:20 Farm
00:52 Farm
01:28 Farm
01:43 Farm
02:45 Arcane Vault
03:30 Keep
03:31 Keep
03:58 Blacksmith
04:34 Farm
04:49 Lumber Mill
04:54 Lumber Mill
06:29 Castle
06:31 Gryphon Aviary
06:33 Gryphon Aviary
08:57 Farm
10:21 Farm
11:30 Farm
12:06 Farm
12:09 Farm
yeahshesassbats (
purple | 80 APM | 2431 actions | 30:27)
3 Keeper of the Grove
2 Entangling Roots
1 Thorns Aura
» actions
| Assign group hotkey | 134 | |
| Build / train | 72 | |
| ESC pressed | 3 | |
| Enter build submenu | 25 | |
| Enter hero's abilities submenu | 3 | |
| Give item / drop item | 1 | |
| Right click | 943 | |
| Select / deselect | 403 | |
| Select group hotkey | 771 | |
| Use ability | 76 | |
2431 total
» units
| Wisp | 47 | |
| Huntress | 5 | |
| Hippogryph | 6 | |
| Faerie Dragon | 1 | |
59 total
» buildings
| Altar of Elders | 3 | |
| Moon Well | 6 | |
| Hunter's Hall | 1 | |
| Ancient of War | 2 | |
| Tree of Ages | 2 | |
| Ancient of Wind | 3 | |
| Tree of Life | 6 | |
| Ancient of Wonders | 1 | |
24 total
» build order
00:11 Altar of Elders
00:26 Moon Well
02:28 Hunter's Hall
02:32 Ancient of War
02:39 Ancient of War
03:38 Moon Well
04:00 Moon Well
04:27 Moon Well
04:45 Tree of Ages
06:54 Moon Well
07:25 Ancient of Wind
07:26 Ancient of Wind
08:23 Ancient of Wind
09:07 Tree of Life
09:57 Moon Well
10:14 Ancient of Wonders
18:27 Tree of Life
20:51 Tree of Life
21:02 Altar of Elders
25:06 Tree of Life
25:10 Altar of Elders
27:12 Tree of Life
28:15 Tree of Life
30:02 Tree of Ages
» items
| Scroll of Regeneration | 1 | |
| Potion of Healing | 1 | |
| Scroll of Town Portal | 1 | |
| Potion of Lesser Invulnerability | 1 | |
| Boots of Speed | 1 | |
| Staff of Teleportation | 1 | |
6 total
Chat log
(00:17 / All) yeahshesassbats: before
(00:22 / All) yeahshesassbats: knife blames me for the loss
(00:23 / All) yeahshesassbats: hes the ud
(00:28 / All) Arcilite: typical
(00:30 / All) WarFreakz: lol
(00:34 / All) WarFreakz: corr is pro
(00:35 / All) Retarded_Archer: God bless the chair sniffing ginger
(00:37 / All) yeahshesassbats: we're going to win
(00:38 / All) yeahshesassbats: btw
(00:40 / All) ARTiswithaBLAST: corr gets blamed regaurdless
(00:45 / All) Arcilite: i second that
(00:46 / All) WarFreakz: of course
(00:48 / All) yeahshesassbats: i just wanted to stab knife and
(00:50 / All) yeahshesassbats: see him rage
(01:30 / All) yeahshesassbats: gina why did you make 20 tanks last game?
(01:38 / All) yeahshesassbats: arcilite is the weak link
(01:38 / All) WarFreakz: all for u
(01:40 / All) yeahshesassbats: in your team
(01:44 / All) Arcilite: we shall see
(01:44 / All) yeahshesassbats: he's going to cost you
(01:47 / Allies) ARTiswithaBLAST: wisp here plz
(01:53 / All) yeahshesassbats: hows eyvn
(01:57 / All) Arcilite: sleeping
(01:59 / All) WarFreakz: goos
(01:59 / Allies) ARTiswithaBLAST: is kid a wc3 prodigy?
(02:03 / All) WarFreakz: good*
(02:09 / All) WhiteGhost: Actually, im the weakest :[
(02:15 / All) GayTiMe.WeRRa: yeah u suck.
(02:20 / All) WhiteGhost: I know.
(02:21 / All) yeahshesassbats: WERE U IN THE LAST GAME?
(02:29 / All) WhiteGhost: yea.
(02:37 / All) yeahshesassbats: the ud?
(02:39 / All) WhiteGhost: yea.
(02:42 / All) yeahshesassbats: figures
(02:44 / All) yeahshesassbats: no skill
(02:47 / All) WhiteGhost: mhm
(02:49 / All) WarFreakz: we swicthed up peeps
(02:55 / All) WarFreakz: so u guys could win this time
(03:00 / All) yeahshesassbats: OH
(03:08 / All) yeahshesassbats: THE ORC WENT AWAY RIGHT?
(03:13 / All) WarFreakz: no
(03:51 / All) yeahshesassbats: AM I KISSING YOU CANDLE?
(03:55 / All) ByCandleLight: can you leave me alone?
(04:02 / All) ByCandleLight: i am trying to kill your wisps here
(04:06 / All) WarFreakz: he doesnt want u to talk to him
(04:16 / All) GayTiMe.WeRRa: gina how old r u
(04:17 / All) GayTiMe.WeRRa: 16?
(04:24 / All) WarFreakz: hells no
(04:28 / All) Retarded_Archer: 16 year old girls are the best people to talk to on Omegle
(04:54 / Allies) yeahshesassbats: HIT TEAL
(05:08 / Allies) yeahshesassbats: TEAL STRAIGHT TECHS
(05:28 / Allies) yeahshesassbats: HE WAS THE MASS GRIFF LAST GAME
(06:22 / Allies) yeahshesassbats: DK DOWN FOR U KNIFE
(06:36 / All) yeahshesassbats: leave me alone gina
(08:51 / Allies) yeahshesassbats: CREEP ME AN EXPO
(08:52 / Allies) yeahshesassbats: UD
(08:58 / Allies) yeahshesassbats: K
(09:50 / Allies) yeahshesassbats: GOLD?
(11:22 / All) yeahshesassbats: :(
(11:29 / All) yeahshesassbats: WHY U GOTTA COIL ME 3X
(19:16 / All) Arcilite: LOL
(19:20 / All) Arcilite: CORE WITH THE PRO TRANSFER
(19:37 / All) yeahshesassbats: why does gina bat me?
(19:59 / All) yeahshesassbats: does red
(20:00 / All) Arcilite: Dude, corr omg
(20:02 / All) yeahshesassbats: go 4 yards?
(20:03 / All) Arcilite: That made me laugh so hard
(20:13 / All) Arcilite: you're too nice
(20:15 / All) WhiteGhost: o.o
(20:17 / All) yeahshesassbats: oh
(20:18 / All) Arcilite: I woulda said to hell with that
(20:26 / All) Arcilite: But u just had to give that tp away
(20:35 / All) yeahshesassbats: had to
(20:37 / All) yeahshesassbats: you know
(20:38 / All) yeahshesassbats: it
(20:40 / All) Arcilite: LD
(21:12 / All) yeahshesassbats: u dead arcilite?
(21:15 / All) Arcilite: nah
(21:18 / All) Arcilite: You guys left my altar up
(21:20 / All) Arcilite: I got both my heros back
(21:24 / All) Arcilite: thanks btw
(21:28 / All) yeahshesassbats: gina does leave me stuff
(21:37 / All) yeahshesassbats: oh nvm ;D
(21:56 / All) yeahshesassbats: 0/40
(21:59 / All) yeahshesassbats: this isnt good
(24:28 / All) yeahshesassbats: kill arcilite
(24:42 / All) yeahshesassbats: im playing as green also
(24:46 / All) yeahshesassbats: just to let you know
(24:55 / Allies) yeahshesassbats: wood me?
(25:46 / All) yeahshesassbats: gina dont pull that shit
(25:49 / All) yeahshesassbats: around here
(26:53 / Allies) yeahshesassbats: creep for me
(28:32 / Allies) yeahshesassbats: wood
(28:39 / All) Arcilite: I thought u said pink was good
(28:40 / All) Arcilite: ..